 Dungeon Crawl Stone Soup version 0.25-a0-589-g1e14c549ee (webtiles) character file.

Game seed: 3323615502975517161, levelgen mode: deterministic

16199 Qirren the Blocker (level 12, -2/105 HPs)
             Began as a Minotaur Fighter on Mar 13, 2020.
             Was a Priest of Wu Jian.
             Drowned by a drowned soul (17 damage)
             ... summoned by a merfolk avatar
             ... on level 1 of the Shoals.
             The game lasted 00:37:12 (8594 turns).

Qirren the Blocker (Minotaur Fighter)               Turns: 8594, Time: 00:37:13

Health: -2/105     AC: 20    Str: 26    XL:     12   Next: 7%
Magic:  11/11      EV:  9    Int:  5    God:    Wu Jian [***...]
Gold:   742        SH: 21    Dex: 10    Spells: 11/11 levels left

rFire    . . .     SeeInvis .   q - +4 hand axe (vamp)
rCold    . . .     Gourm    +   g - +1 tower shield
rNeg     . . .     Faith    .   p - +2 plate armour
rPois    .         Spirit   .   (helmet restricted)
rElec    .         Reflect  .   (no cloak)
rCorr    .         Harm     .   a - +0 pair of gloves
MR       .....                  (no boots)
Stlth    ..........             o - amulet of the gourmand
HPRegen  0.27/turn              s - +3 ring of evasion
MPRegen  0.12/turn              j - +3 ring of protection

@: about to teleport, mesmerised, very slow
A: retaliatory headbutt, horns 2
a: Wall Jump, Serpent's Lash, Renounce Religion


You were on level 1 of the Shoals.
You worshipped Wu Jian.
Wu Jian was most pleased with you.
You were not hungry.

You visited 3 branches of the dungeon, and saw 12 of its levels.

You collected 742 gold pieces.

Inventory:

Hand Weapons
 q - a +4 vampiric hand axe (weapon)
 E - a +2 vorpal dire flail
Armour
 a - a +0 pair of gloves (worn)
 g - a +1 tower shield (worn)
 p - a +2 plate armour (worn)
Jewellery
 i - an uncursed ring of poison resistance
 j - a +3 ring of protection (right hand)
 m - an uncursed ring of protection from magic
 o - an amulet of the gourmand (around neck)
 s - a +3 ring of evasion (left hand)
 x - an uncursed ring of flight
 y - an uncursed ring of ice {unknown}
 C - an uncursed ring of positive energy {unknown}
 D - an uncursed ring of resist corrosion {unknown}
 O - an uncursed ring of teleportation
Wands
 e - a wand of enslavement (16)
 r - a wand of paralysis (7)
 J - a wand of disintegration (10)
Scrolls
 b - 5 scrolls of remove curse
 c - a scroll of random uselessness {unknown}
 l - 2 scrolls of fog
 n - 3 scrolls of blinking
 w - a scroll of amnesia {unknown}
 G - 4 scrolls of noise
 H - a scroll of teleportation
 I - a scroll of magic mapping {unknown}
 N - a scroll of identify
Potions
 d - 2 potions of might
 h - 3 potions of magic
 k - a potion of degeneration {unknown}
 t - a potion of ambrosia {unknown}
 u - 5 potions of curing
 v - a potion of flight {unknown}
 z - 2 potions of heal wounds
 A - 2 potions of stabbing {unknown}
 B - 2 potions of haste
 F - a potion of brilliance {unknown}
 L - 5 potions of cancellation
 M - a potion of resistance {unknown}
Comestibles
 f - 13 rations


   Skills:
 + Level 9.4 Fighting
   Level 5.1 Long Blades
 + Level 12.6 Axes
 + Level 10.0 Armour
 + Level 2.7 Dodging
 + Level 0.6 Stealth
 + Level 14.0 Shields


You had 11 spell levels left.
You didn't know any spells.
Your spell library contained the following spells:

 Spells                   Type           Power        Failure   Level  Hunger
 Animate Skeleton         Necr           N/A          100%        1    ##.....
 Pain                     Necr           #...         100%        1    ##.....
 Corpse Rot               Necr/Air       N/A          100%        2    ###....
 Sublimation of Blood     Necr           #.........   100%        2    ###....
 Vampiric Draining        Necr           #.........   100%        3    ####...
 Animate Dead             Necr           N/A          100%        4    #####..
 Dispel Undead            Necr           #.......     100%        4    #####..
 Agony                    Necr           #.......     100%        5    ######.
 Excruciating Wounds      Chrm/Necr      #.........   100%        5    ######.


Dungeon Overview and Level Annotations

Branches:
Dungeon (9/15)             Temple (0/1) D:7            Lair (2/6) D:9
 Shoals (1/4) Lair:2
  Snake: Lair:2-4    Spider: Lair:2-4       Orc: D:9-12

Altars:
Gozag
Kikubaaqudgha
Nemelex Xobeh
Qazlal
Trog
Uskayaw
Vehumet
Wu Jian

Shops:
D:5 [

Annotations:
Lair:1 exclusion: oklob plant


Innate Abilities, Weirdness & Mutations

You reflexively headbutt those who attack you in melee.
You have a pair of horns on your head.


Message History

Moving in this stuff is going to be slow.
The merfolk avatar chants its luring song.
The merfolk avatar chants its luring song.
The merfolk avatar chants its luring song.
You cannot move away from the merfolk avatar!
You cannot move away from the merfolk avatar!
You cannot move away from the merfolk avatar!
You cannot move away from the merfolk avatar!
The merfolk avatar chants its luring song. x2
You closely miss the drowned soul. You block the drowned soul's attack.
You slice the drowned soul!!
The drowned soul is almost destroyed.
You hit the drowned soul.
The merfolk avatar chants its luring song.
You block the drowned soul's attack.
There are monsters nearby!
As you read the scroll of teleportation, it crumbles to dust.
You feel strangely unstable. The drowned soul touches you.
The drowned soul drowns you!
You die...

....≈≈≈≈.. ...≈≈.≈≈..
#..≈≈≈≈≈≈≈≈≈≈ .#...≈.≈.#
#..≈≈≈≈≈≈≈≈≈≈
).........###.≈≈≈≈≈≈≈W≈≈≈
.......... ...≈≈≈≈≈≈≈... #
†...≈..# #.≈≈m≈.... ≈# .......#
#.≈≈≈≈..# ..# ≈..###.#
##.≈≈≈W..###.# ...# #
#.≈≈≈@W..#...# ...##
#.≈≈≈≈≈≈.....# ....##
#.≈..≈≈≈..#..# ≈≈≈..#
#....##..≈).#..## .....#
#....##.......≈≈######## .....##
#.≈≈...P....PP≈≈≈≈≈≈≈≈≈. .≈≈...#
##.≈≈≈≈≈P..##.≈≈≈≈≈≈≈≈≈≈.
≈≈≈≈^.###..≈≈≈≈≈.P##PP≈≈≈P≈≈≈≈≈≈≈
≈≈≈≈.......≈≈≈.....P.P≈≈≈≈≈≈≈≈≈≈≈


You could see a merfolk avatar and 3 drowned souls.

Vanquished Creatures
  A centaur warrior (D:8)
  A two-headed ogre (D:8)
  Erica (Lair:1)
  2 sea snakes (Shoals:1)
  4 merfolk sirens
  5 elephants
  3 spiny frogs
  2 komodo dragons (Lair:1)
  2 merfolk
  A troll (D:9)
  2 snapping turtles (Shoals:1)
  6 hippogriffs
  A water elemental (Shoals:1)
  18 yaks
  Grum (D:8)
  A basilisk (D:9)
  Edmund (D:6)
  A water moccasin (Lair:2)
  3 porcupines
  A sky beast (D:9)
  An orc warrior (D:6)
  5 ice beasts
  3 ogres
  3 wolves (D:8)
  A centaur (D:9)
  4 crocodiles
  A big kobold (D:8)
  6 bullfrogs
  2 scorpions
  A water moccasin skeleton (D:6)
  4 killer bees (D:8)
  5 howler monkeys
  4 crimson imps
  A bullfrog zombie (D:3)
  6 orc priests
  2 hounds (D:7)
  A bullfrog skeleton (D:8)
  3 iguanas
  2 orc wizards
  2 worker ants (D:6)
  5 adders
  A shadow imp (D:5)
  2 oozes
  4 adder skeletons
  3 worms
  5 dart slugs (D:1)
  4 leopard geckos
  20 orcs
  3 bats (D:2)
  8 giant cockroaches
  7 goblins
  10 hobgoblins
  8 kobolds
  2 quokkas
  5 frilled lizards
  A jackal skeleton (D:5)
  A quokka skeleton (D:4)
  10 rats
  A fungus (Lair:1)
  2 plants (D:9)
216 creatures vanquished.

Vanquished Creatures (others)
  2 fungi (Lair:2)
  A plant (Lair:1)
3 creatures vanquished.

Grand Total: 219 creatures vanquished

Notes
Turn   | Place    | Note
-------+----------+-------------------------------------------
     0 | D:1      | Qirren the Minotaur Fighter began the quest for the Orb.
     0 | D:1      | Reached XP level 1. HP: 19/19 MP: 0/0
   141 | D:1      | Reached XP level 2. HP: 27/27 MP: 1/1
   262 | D:1      | Reached XP level 3. HP: 29/33 MP: 2/2
   344 | D:1      | Reached skill level 4 in Shields
   767 | D:2      | Found an ancient bone altar of Kikubaaqudgha.
  1107 | D:2      | Reached XP level 4. HP: 30/40 MP: 3/3
  1292 | D:2      | Reached XP level 5. HP: 11/46 MP: 4/4
  1708 | D:3      | Reached skill level 5 in Shields
  1922 | D:3      | Reached skill level 5 in Long Blades
  1964 | D:3      | Reached XP level 6. HP: 38/53 MP: 5/5
  1964 | D:3      | Reached skill level 1 in Dodging
  2259 | D:4      | Reached skill level 5 in Armour
  2560 | D:4      | Noticed an air elemental
  2578 | D:4      | Found a stormy altar of Qazlal.
  2581 | D:4      | Noticed a water elemental
  2581 | D:4      | Noticed a fire elemental
  2894 | D:5      | Entered Level 5 of the Dungeon
  2923 | D:5      | Reached skill level 1 in Axes
  2974 | D:5      | Reached skill level 6 in Shields
  2974 | D:5      | Reached XP level 7. HP: 60/60 MP: 6/6
  2986 | D:5      | Found an ornate altar of the Wu Jian Council.
  2987 | D:5      | Found a hide-covered altar of Uskayaw.
  2988 | D:5      | Found a radiant altar of Vehumet.
  3074 | D:5      | Became a worshipper of the Wu Jian Council
  3106 | D:5      | Found Waurry's Armour Boutique.
  3458 | D:6      | Found an opulent altar of Gozag.
  3459 | D:6      | Found a sparkling altar of Nemelex Xobeh.
  3477 | D:6      | Noticed Edmund
  3527 | D:6      | Killed Edmund
  3586 | D:6      | Reached skill level 5 in Fighting
  3632 | D:6      | Reached XP level 8. HP: 42/68 MP: 7/7
  3921 | D:6      | Noticed a moth of wrath
  3924 | D:6      | Found a bloodstained altar of Trog.
  3992 | D:7      | Noticed a hippogriff
  4002 | D:7      | Killed a hippogriff
  4002 | D:7      | Reached skill level 5 in Axes
  4002 | D:7      | Reached skill level 7 in Shields
  4122 | D:7      | Reached * piety under Wu Jian
  4194 | D:7      | Found a staircase to the Ecumenical Temple.
  4410 | D:8      | Reached skill level 8 in Shields
  4596 | D:8      | Noticed a centaur warrior
  4621 | D:8      | Killed a centaur warrior
  4621 | D:8      | Reached skill level 9 in Shields
  4621 | D:8      | Reached XP level 9. HP: 59/78 MP: 8/8
  4963 | D:8      | Noticed Grum
  4984 | D:8      | Reached skill level 10 in Shields
  5000 | D:8      | Killed Grum
  5078 | D:8      | Noticed a two-headed ogre
  5093 | D:8      | Killed a two-headed ogre
  5093 | D:8      | Reached XP level 10. HP: 84/84 MP: 9/9
  5402 | D:8      | Reached skill level 11 in Shields
  6297 | D:9      | Found a staircase to the Lair.
  6297 | D:9      | Noticed an elephant
  6327 | D:9      | Killed an elephant
  6925 | D:9      | Reached skill level 10 in Axes
  6981 | Lair:1   | Entered Level 1 of the Lair of Beasts
  6986 | Lair:1   | Noticed a spiny frog
  7066 | Lair:1   | Noticed Erica
  7079 | Lair:1   | Reached ** piety under Wu Jian
  7099 | Lair:1   | Reached skill level 12 in Shields
  7100 | Lair:1   | Killed Erica
  7205 | Lair:1   | Killed a spiny frog
  7205 | Lair:1   | Reached XP level 11. HP: 67/94 MP: 10/10
  7367 | Lair:1   | Noticed an oklob plant
  7372 | Lair:1   | Noticed a four-headed hydra
  7752 | Lair:1   | Reached skill level 13 in Shields
  8257 | Lair:2   | Found a staircase to the Shoals.
  8286 | Lair:2   | Reached *** piety under Wu Jian
  8320 | Shoals:1 | Entered Level 1 of the Shoals
  8320 | Shoals:1 | Noticed a sea snake
  8358 | Shoals:1 | Killed a sea snake
  8377 | Shoals:1 | Noticed a sea snake
  8400 | Shoals:1 | Killed a sea snake
  8400 | Shoals:1 | Reached XP level 12. HP: 76/104 MP: 11/11
  8488 | Shoals:1 | Reached skill level 10 in Armour
  8488 | Shoals:1 | Reached skill level 14 in Shields
  8566 | Shoals:1 | Noticed a merfolk avatar
  8594 | Shoals:1 | Drowned by a drowned soul

Levels and vault maps discovered:
D:1:      wander_arrival_desolate, layout_loops_cross, kennysheep_small_spiral
D:2:      layout_basic, kiku_gazebo_pond_becter, first_ration
D:3:      layout_rooms, kennysheep_generic_room_10
D:4:      layout_basic, chequers_serial_rivers_large_b,
          nicolae_qazlal_style_of_elements
D:5:      layout_rooms, chequers_temple_overflow_statue_of_worship,
          serial_shops, nicolae_shop_behind_doors, serial_park_tiny_2
D:6:      layout_rooms, grunt_temple_overflow_opulence, tgw_trog,
          lemuel_old_faithful, uniq_edmund
D:7:      layout_rooms, minmay_temple_entry_grid
D:8:      layout_layer_cave, uniq_grum
D:9:      layout_basic, david_lair_generic
Lair:1:   layout_regular_city, beast_lair_carwin_1, minmay_lair_oklob_chamber,
          grunt_megastairs_5, uniq_erica
Lair:2:   layout_roguey, elwin_shoals_entry_stream
Shoals:1: layout_shoals, nicolae_shoals_dead_sea_scrolls, uniq_nikola

Skill      XL: |  1  2  3  4  5  6  7  8  9 10 11 12 |
---------------+-------------------------------------+-----
Armour         | 4 5 6 7 8 9 10 | 10.0
Fighting       | 4 5 6 8 9 |  9.4
Shields        | 4 5 6 9 10 12 13 14 | 14.0
Long Blades    | 3 4 5 |  5.1
Dodging        | 1 2 |  2.7
Axes           | 1 4 7 9 10 12 | 12.6
Stealth        | |  0.6

Action                   |  1- 3 |  4- 6 |  7- 9 | 10-12 || total
-------------------------+-------+-------+-------+-------++-------
Melee: Long sword        |   123 |    70 |       |       ||   193
       Headbutt          |    17 |    23 |    67 |   161 ||   268
       Hand axe          |       |    94 |   308 |   640 ||  1042
Invok: Whirlwind         |       |       |    10 |    44 ||    54
       Lunge             |       |       |     6 |    27 ||    33
  Use: Scroll            |       |     6 |     4 |    12 ||    22
       Potion            |       |       |       |     2 ||     2
  Eat: Chunk             |       |     2 |       |     2 ||     4
       Ration            |       |     3 |     3 |     3 ||     9
Armor: Scale mail        |    37 |       |       |       ||    37
       Chain mail        |    34 |    17 |       |       ||    51
       Plate armour      |       |    72 |    89 |   186 ||   347
Dodge: Dodged            |    34 |    26 |    46 |   122 ||   228
Block: Kite shield       |    23 |       |       |       ||    23
       Tower shield      |    72 |   154 |   242 |   489 ||   957
       Rpst.: Long sword |     6 |     1 |       |       ||     7

Table legend:
 A = Non-vault XP
 B = Vault XP
 C = Vault XP percentage of total XP
 D = Non-vault monster count
 E = Vault monster count
 F = Vault count percentage of total count
                 A         B        C        D         E       F
            +---------+---------+-------+---------+---------+-------
      Total |   16448 |    6694 |  28.9 |     182 |      31 |  14.6
            +---------+---------+-------+---------+---------+-------
        D:1 |      56 |       0 |   0.0 |      23 |       0 |   0.0
        D:2 |     155 |       0 |   0.0 |      28 |       0 |   0.0
        D:3 |     224 |       1 |   0.4 |      20 |       1 |   4.8
        D:4 |      94 |       0 |   0.0 |       8 |       0 |   0.0
        D:5 |     394 |       0 |   0.0 |       8 |       0 |   0.0
        D:6 |     385 |     173 |  31.0 |      11 |       6 |  35.3
        D:7 |     812 |       0 |   0.0 |      12 |       0 |   0.0
        D:8 |    3140 |     539 |  14.7 |      28 |       4 |  12.5
        D:9 |     934 |    1038 |  52.6 |       7 |       4 |  36.4
     Lair:1 |    3957 |    3177 |  44.5 |      19 |      12 |  38.7
     Lair:2 |    3286 |    1766 |  35.0 |      11 |       4 |  26.7
   Shoals:1 |    3011 |       0 |   0.0 |       7 |       0 |   0.0
            +---------+---------+-------+---------+---------+-------
